 Dungeon Crawl Stone Soup version 0.21.1-1-g345015f (webtiles) character file.

289 troglodite the Slasher (level 6, 0/49 HPs)
             Began as a Demonspawn Berserker on June 4, 2018.
             Was a Believer of Trog.
             Succumbed to a gnoll's poison
             ... on level 3 of the Dungeon.
             The game lasted 00:07:50 (1943 turns).

troglodite the Slasher (Demonspawn Berserker)       Turns: 1943, Time: 00:07:50

Health: 0/49       AC: 11    Str: 17    XL:     6   Next: 9%
Magic:  6/6        EV:  8    Int: 14    God:    Trog [**....]
Gold:   60         SH:  0    Dex: 14    Spells: 5/5 levels left

rFire    . . .     SeeInvis .   b - +0 spear (venom)
rCold    . . .     Gourm    .   (no shield)
rNeg     . . .     Faith    .   j - +0 chain mail
rPois    .         Spirit   .   (no helmet)
rElec    .         Reflect  .   (no cloak)
rCorr    .         Harm     .   f - +0 pair of gloves
MR       .....                  (no boots)
Stlth    ..........             (no amulet)
HPRegen  0.16/turn              l - +5 ring of intelligence
MPRegen  0.10/turn              (no ring)

@: lethally poisoned (0 -> -11), berserk cooldown, slowed, very slow
A: rugged brown scales 1, spiny 1, rot immunity
a: Berserk, Trog's Hand, Burn Spellbooks, Renounce Religion


You were on level 3 of the Dungeon.
You worshipped Trog.
Trog was pleased with you.
You were near starving.

You visited 1 branch of the dungeon, and saw 3 of its levels.

You collected 60 gold pieces.

Inventory:

Hand Weapons
 a - a +0 falchion
 b - a +0 spear of venom (weapon)
Armour
 f - a +0 pair of gloves (worn)
 j - a +0 chain mail (worn)
Jewellery
 l - a +5 ring of intelligence (left hand)
Wands
 o - a wand of paralysis (11)
Scrolls
 e - 4 scrolls of teleportation {unknown}
 g - 2 scrolls of amnesia {unknown}
 i - 2 scrolls of remove curse {unknown}
 k - a scroll of identify {unknown}
 q - a scroll of blinking {unknown}
Potions
 d - a potion of lignification {unknown}
 h - a potion of mutation {unknown}
 n - a potion of invisibility {unknown}
 p - a potion of might {unknown}
Comestibles
 c - 6 rations
 m - 4 chunks of flesh


   Skills:
 * Level 4.1 Fighting
 + Level 4.2 Long Blades
 + Level 0.6 Polearms
 * Level 3.3 Armour
 * Level 2.7 Dodging
 + Level 0.2 Stealth


You had 5 spell levels left.
You didn't know any spells.

Dungeon Overview and Level Annotations

Branches:
Dungeon (3/15)

Altars:
Ru


Innate Abilities, Weirdness & Mutations

You are partially covered in rugged brown scales. (AC +1, +3% HP)
You are partially covered in sharp spines.
You are immune to rotting.


Message History

There isn't anything to butcher here.
Your skin crawls.
You feel resistant to hostile enchantments.
You are near starving!
You feel very sick.
You feel very sick.
You feel very sick.
You feel the effects of Trog's Hand fading.
You feel very sick.
You feel sick.
You feel very sick.
Some of the chunks of flesh in your inventory have rotted away.
You feel sick.
Your skin stops crawling.
You feel less resistant to hostile enchantments.
* * * LOW HITPOINT WARNING * * *
You feel sick.
* * * LOW HITPOINT WARNING * * *
You feel sick.
You die...

###.......##...............
.##......................=#
.##......## ..............
.........# ..........#
###......# #####........#..
########## #...#...))......
รท.....# #...#^..)..<.#
......# ##...##.#######
......# #.....@.# ......#
#....########
......#####............
..........#....########
...............'....#
......###.#....####.#
......# #.###### #.###.#
#.# #.# #.# #..


There were no monsters in sight!

Vanquished Creatures
  An ogre (D:2)
  An orc priest (D:3)
  7 gnolls (D:3)
  3 adders
  2 worms (D:2)
  A dart slug (D:1)
  A leopard gecko (D:2)
  5 orcs (D:3)
  4 giant cockroaches
  9 goblins
  4 hobgoblins
  2 jackals
  A quokka (D:3)
  A ball python (D:3)
  7 bats
  3 frilled lizards
  9 kobolds
  9 rats
70 creatures vanquished.

Notes
Turn   | Place    | Note
-------+----------+-------------------------------------------
     0 | D:1      | troglodite the Demonspawn Berserker began the quest for the Orb.
     0 | D:1      | Reached XP level 1. HP: 18/18 MP: 1/1
   225 | D:1      | Gained mutation: You are partially covered in rugged brown scales. (AC +1, +3% HP) [demonic ancestry]
   225 | D:1      | Reached XP level 2. HP: 18/24 MP: 2/2
   659 | D:2      | Found a sacrificial altar of Ru.
   674 | D:2      | Reached ** piety under Trog
   758 | D:2      | Gained mutation: You are partially covered in sharp spines. [demonic ancestry]
   758 | D:2      | Reached XP level 3. HP: 20/29 MP: 3/3
   958 | D:2      | Noticed an ogre
   964 | D:2      | Killed an ogre
   964 | D:2      | Reached XP level 4. HP: 29/38 MP: 4/4
   964 | D:2      | Reached XP level 5. HP: 33/43 MP: 5/5
  1923 | D:3      | Gained mutation: You are immune to rotting. [demonic ancestry]
  1923 | D:3      | Reached XP level 6. HP: 49/49 MP: 6/6
  1927 | D:3      | Reached *** piety under Trog
  1942 | D:3      | HP: 2/49 [poisoned by a gnoll]
  1943 | D:3      | Succumbed to a gnoll's poison

Skill      XL: |  1  2  3  4  5 |
---------------+----------------+-----
Armour         | 2 3 |  3.3
Long Blades    | 3 4 |  4.2
Dodging        | 2 |  2.7
Fighting       | 4 |  4.1
Polearms       | |  0.6
Stealth        | |  0.2

Action                   |  1- 3 |  4- 6 || total
-------------------------+-------+-------++-------
Melee: Falchion          |   119 |     9 ||   128
       Spear             |       |    66 ||    66
Invok: Berserk           |     3 |     3 ||     6
       Trog's Hand       |       |     1 ||     1
 Stab: Paralysed         |     1 |       ||     1
  Eat: Chunk             |     3 |     5 ||     8
Armor: Animal skin       |    14 |       ||    14
       Chain mail        |    60 |    37 ||    97
Dodge: Dodged            |    56 |    37 ||    93
       Rpst.: Falchion   |    18 |     1 ||    19
